 Dungeon Crawl Stone Soup version 0.23-b1-6-ga921848 (webtiles) character file.

Game seed: 664266800128900485

10038 HoaS the Grappler (level 11, -4/71 HPs)
             Began as a Gargoyle Berserker on Feb 2, 2019.
             Was a High Priest of Trog.
             Slain by a death yak (10 damage)
             ... on level 10 of the Dungeon.
             The game lasted 00:26:28 (7852 turns).

HoaS the Grappler (Gargoyle Berserker)              Turns: 7852, Time: 00:26:29

Health: -4/71      AC: 30    Str: 21    XL:     11   Next: 55%
Magic:  11/11      EV: 11    Int:  8    God:    Trog [*****.]
Gold:   208        SH:  0    Dex: 12    Spells: 10/10 levels left

rFire    . . .     SeeInvis .     - Unarmed
rCold    . . .     Gourm    .   (no shield)
rNeg     + . .     Faith    .   g - +7 chain mail
rPois    ∞         Spirit   .   p - +0 helmet
rElec    +         Reflect  .   (no cloak)
rCorr    +         Harm     .   q - +0 pair of gloves
MR       .....                  h - +0 pair of boots
Stlth    ..........             (no amulet)
HPRegen  0.21/turn              r - ring of resist corrosion
MPRegen  0.12/turn              (no ring)

@: berserk cooldown, slowed, very slow
A: negative energy resistance 1, electricity resistance, unbreathing,
petrification resistance, rot immunity, AC +8
a: Berserk, Trog's Hand, Brothers in Arms, Renounce Religion


You were on level 10 of the Dungeon.
You worshipped Trog.
Trog was extremely pleased with you.
You were not hungry.

You visited 1 branch of the dungeon, and saw 10 of its levels.
You also visited: Ossuary.

You collected 471 gold pieces.
You spent 263 gold pieces at shops.

Inventory:

Armour
 g - a +7 chain mail (worn)
 h - a +0 pair of boots (worn)
 p - a +0 helmet (worn)
 q - a +0 pair of gloves (worn)
 y - a +0 plate armour
Jewellery
 k - an uncursed ring of fire
 r - a ring of resist corrosion (left hand)
Wands
 v - a wand of clouds (2)
 x - a wand of polymorph (11)
 z - a wand of iceblast (8)
 A - a wand of digging (10)
Scrolls
 c - a scroll of fog
 d - 8 scrolls of teleportation
 j - a scroll of blinking
 l - 4 scrolls of remove curse
 o - 3 scrolls of identify
 t - a scroll of magic mapping
 u - a scroll of enchant weapon
 C - 2 scrolls of fear
Potions
 a - a potion of mutation
 e - a potion of might
 f - 4 potions of flight
 i - a potion of invisibility
 m - 3 potions of curing
 s - 2 potions of agility
 w - a potion of ambrosia
 D - a potion of lignification
Miscellaneous
 B - a box of beasts
Comestibles
 b - 20 rations


   Skills:
 + Level 9.5 Fighting
 + Level 9.0 Armour
 + Level 6.9 Dodging
 * Level 11.6 Unarmed Combat


You had 10 spell levels left.
You didn't know any spells.
Your spell library was empty.

Dungeon Overview and Level Annotations

Branches:
Dungeon (10/15)            Temple (0/1) D:6            Lair (0/6) D:10
    Orc: D:9-12

Altars:
Elyvilon
Makhleb
Ru
Sif Muna
Wu Jian

Shops:
D:5 [![*


Innate Abilities, Weirdness & Mutations

You are resistant to torment.
Your stone body is resilient. (AC +8)
You are immune to poison.
You resist negative energy. (rN+)
You are resistant to electric shocks. (rElec)
You can survive without breathing.
You are immune to petrification.
You are immune to rotting.


Message History

The death yak is moderately wounded.
You punch the death yak!
The death yak is heavily wounded.
The death yak gores you.
* * * LOW HITPOINT WARNING * * *
The yak barely misses you. The yak gores you but does no damage.
You hit the death yak.
The death yak is heavily wounded.
You hit the death yak.
The death yak is heavily wounded.
The death yak gores you but does no damage.
You punch the death yak!
The death yak is severely wounded.
You are no longer berserk.
You are exhausted.
You feel yourself slow down.
You hit the death yak.
The death yak is severely wounded.
The death yak gores you!
You die...

#...##..# #...
#...##..# . #...
#...##..# ..#...#
#...##..# .#.....
#...##..# .......
#.......# ....:..
#.......# #
......Y##..####.###.#
.....YYY@..# #.....#
......Y###.# #.....#
..>.... #.# #.###.#
....#.. #.# #.# ..
... ... #.# #.# ## ..
.... #.# #.# . ..?..
#.# #.# ...#..
#.####.# #......#


You could see a death yak and 4 yaks.

Vanquished Creatures
  7 death yaks (D:10)
  Erica (D:8)
  An ugly thing (D:9)
  A troll (D:5)
  A hippogriff (D:8)
  Sigmund (D:2)
  2 wraiths (Ossuary)
  A hungry ghost (D:9)
  3 orc warriors
  4 sky beasts
  An ice beast (D:9)
  2 ogres
  A crocodile (D:9)
  A centaur (D:6)
  A big kobold (D:7)
  3 bullfrogs
  A wyvern zombie (D:8)
  4 scorpions
  2 water moccasin skeletons (D:9)
  11 wights
  A bullfrog zombie (D:6)
  3 crimson imps (D:8)
  4 jellies (D:7)
  A quasit (D:7)
  A centaur zombie (D:6)
  5 hounds
  5 orc priests
  13 orc wizards
  5 iguanas
  Natasha (twice) (D:2)
  3 worker ants
  A hound zombie (D:6)
  2 worker ant zombies
  14 adders
  2 shadow imps (D:8)
  An ooze (D:5)
  An adder skeleton (D:4)
  2 adder zombies
  4 worms
  3 dart slugs
  4 leopard geckos
  27 orcs
  8 giant cockroaches
  10 goblins
  8 hobgoblins
  6 jackals
  10 kobolds
  6 quokkas
  2 ball pythons
  2 ball python skeletons (Ossuary)
  9 bats
  4 frilled lizards (D:1)
  A hobgoblin skeleton (Ossuary)
  A hobgoblin zombie (Ossuary)
  A jackal skeleton (D:5)
  2 jackal zombies
  A kobold zombie (Ossuary)
  2 leopard gecko skeletons
  An orc skeleton (Ossuary)
  A quokka zombie (D:8)
  7 rats
235 creatures vanquished.

Vanquished Creatures (collateral kills)
  A hungry ghost (D:9)
1 creature vanquished.

Vanquished Creatures (others)
  An orc wizard (D:9)
1 creature vanquished.

Grand Total: 237 creatures vanquished

Notes
Turn   | Place    | Note
-------+----------+-------------------------------------------
     0 | D:1      | HoaS the Gargoyle Berserker began the quest for the Orb.
     0 | D:1      | Reached XP level 1. HP: 14/14 MP: 1/1
    76 | D:1      | Reached XP level 2. HP: 19/19 MP: 2/2
   347 | D:1      | Reached XP level 3. HP: 23/23 MP: 3/3
   781 | D:2      | Reached ** piety under Trog
   867 | D:2      | Noticed Natasha
   872 | D:2      | Reached XP level 4. HP: 20/29 MP: 4/4
   888 | D:2      | Killed Natasha
   888 | D:2      | Reached skill level 4 in Unarmed Combat
  1221 | D:2      | Reached XP level 5. HP: 33/33 MP: 5/5
  1221 | D:2      | Noticed Sigmund
  1231 | D:2      | Noticed Natasha
  1247 | D:2      | Killed Sigmund
  1247 | D:2      | Reached XP level 6. HP: 32/39 MP: 6/6
  1256 | D:2      | Killed Natasha
  1336 | D:2      | Reached skill level 5 in Unarmed Combat
  1838 | D:3      | Found a white marble altar of Elyvilon.
  2270 | D:4      | Reached XP level 7. HP: 44/44 MP: 7/7
  2271 | D:4      | Reached *** piety under Trog
  2476 | D:4      | Found a sacrificial altar of Ru.
  2571 | D:4      | Found a deep blue altar of Sif Muna.
  2594 | D:4      | Reached skill level 5 in Fighting
  2998 | D:5      | Entered Level 5 of the Dungeon
  3038 | D:5      | Found Zuw Coz's Assorted Antiques.
  3054 | D:5      | Bought a pair of gloves for 130 gold pieces
  3157 | D:5      | Found Tikhlyl's Antique Armour Shop.
  3213 | D:5      | Received a gift from Trog
  3241 | D:5      | Found a sand-covered staircase.
  3248 | Ossuary  | Entered an ossuary
  3284 | Ossuary  | Reached skill level 6 in Unarmed Combat
  3358 | Ossuary  | Noticed a flying skull
  3358 | Ossuary  | Noticed a wraith
  3364 | Ossuary  | Noticed a flying skull
  3367 | Ossuary  | Noticed a flying skull
  3368 | Ossuary  | Noticed a flying skull
  3388 | Ossuary  | Noticed a flying skull
  3397 | Ossuary  | Noticed a wraith
  3430 | Ossuary  | Killed a wraith
  3430 | Ossuary  | Reached XP level 8. HP: 25/50 MP: 8/8
  3621 | Ossuary  | Noticed a wraith
  3640 | Ossuary  | Killed a wraith
  3640 | Ossuary  | Reached skill level 5 in Armour
  3781 | D:5      | Found Ubopuhol's Armour Emporium.
  3789 | D:5      | Bought a +0 helmet for 63 gold pieces
  3872 | D:5      | Found a burning altar of Makhleb.
  4060 | D:5      | Found Ixti's Distillery.
  4068 | D:5      | Bought a potion of heal wounds for 70 gold pieces
  4361 | D:5      | Reached skill level 7 in Unarmed Combat
  4452 | D:6      | Noticed a troll
  4553 | D:5      | Killed a troll
  4553 | D:5      | Reached XP level 9. HP: 21/56 MP: 9/9
  4865 | D:6      | Reached skill level 8 in Unarmed Combat
  4941 | D:6      | Found a staircase to the Ecumenical Temple.
  5111 | D:6      | Reached **** piety under Trog
  5573 | D:7      | Reached skill level 5 in Dodging
  5863 | D:7      | Reached skill level 9 in Unarmed Combat
  6210 | D:8      | Reached XP level 10. HP: 63/63 MP: 10/10
  6231 | D:8      | Noticed Erica
  6242 | D:8      | Killed Erica
  6827 | D:8      | Reached ***** piety under Trog
  6954 | D:8      | Reached skill level 10 in Unarmed Combat
  6969 | D:8      | Found an ornate altar of the Wu Jian Council.
  7276 | D:9      | Noticed a brown ugly thing
  7331 | D:9      | Killed a brown ugly thing
  7666 | D:10     | Entered Level 10 of the Dungeon
  7732 | D:10     | Found a staircase to the Lair.
  7733 | D:10     | Noticed a death yak
  7733 | D:10     | Noticed a death yak
  7733 | D:10     | Noticed a death yak
  7733 | D:10     | Noticed a death yak
  7733 | D:10     | Noticed a death yak
  7735 | D:10     | Noticed a death yak
  7736 | D:10     | Noticed a death yak
  7740 | D:10     | Noticed a death yak
  7755 | D:10     | Killed a death yak
  7770 | D:10     | Killed a death yak
  7770 | D:10     | Reached XP level 11. HP: 56/71 MP: 11/11
  7790 | D:10     | Killed a death yak
  7790 | D:10     | Reached skill level 11 in Unarmed Combat
  7807 | D:10     | Killed a death yak
  7830 | D:10     | Killed a death yak
  7836 | D:10     | Killed a death yak
  7844 | D:10     | Killed a death yak
  7852 | D:10     | Slain by a death yak

Skill      XL: |  1  2  3  4  5  6  7  8  9 10 11 |
---------------+----------------------------------+-----
Dodging        | 2 3 4 5 6 |  6.9
Unarmed Combat | 4 5 6 7 9 10 11 | 11.6
Armour         | 3 4 5 7 8 9 |  9.0
Fighting       | 4 5 6 7 9 |  9.5

Action                   |  1- 3 |  4- 6 |  7- 9 | 10-12 || total
-------------------------+-------+-------+-------+-------++-------
Melee: Unarmed           |   186 |   205 |   544 |   351 ||  1286
       Punch             |     1 |     4 |    15 |    20 ||    40
Invok: Trog's Hand       |       |     2 |     2 |     2 ||     6
       Berserk           |       |       |     2 |     2 ||     4
  Use: Scroll            |     4 |    12 |    12 |     2 ||    30
       Potion            |       |       |       |     3 ||     3
  Eat: Chunk             |       |     6 |    16 |     7 ||    29
       Ration            |       |       |       |     2 ||     2
Armor: Leather armour    |     3 |       |       |       ||     3
       Scale mail        |    37 |       |       |       ||    37
       Chain mail        |    50 |   111 |   378 |   194 ||   733
Dodge: Dodged            |    97 |    79 |   212 |   129 ||   517
